 Dungeon Crawl Stone Soup version 0.24-a0-342-gad4687c37d (webtiles) character file.

Game seed: 5934641008250362770

2153 Roikka the Blocker (level 9, -5/77 (78) HPs)
             Began as a Hill Orc Fighter on May 21, 2019.
             Was a Believer of Beogh.
             Splashed by a brown ugly thing's acid (9 damage)
             ... on level 7 of the Dungeon.
             The game lasted 00:19:18 (7369 turns).

Roikka the Blocker (Hill Orc Fighter)               Turns: 7369, Time: 00:19:19

HP:   -5/77 (78)    AC:  2    Str: 20    XL:     9   Next: 31%
MP:   11/11         EV:  5    Int:  8    God:    Beogh [**....]
Gold: 287           SH: 16    Dex: 15    Spells: 8/8 levels left

rFire    . . .     SeeInvis .   a - +4 trident of the Vine {speed, rElec Dex+3}
rCold    . . .     Gourm    .   c - +1 shield
rNeg     . . .     Faith    .   k - +0 plate armour
rPois    .         Spirit   .   (no helmet)
rElec    +         Reflect  +   z - +0 cloak
rCorr    .         Harm     .   g - +0 pair of gloves
MR       .....                  (no boots)
Stlth    ..........             p - +3 amulet of reflection
HPRegen  0.22/turn              (no ring)
MPRegen  0.12/turn              (no ring)

@: corroded
A: no striking features
a: Smiting, Renounce Religion


You were on level 7 of the Dungeon.
You worshipped Beogh.
Beogh was pleased with you.
You were not hungry.

You visited 1 branch of the dungeon, and saw 7 of its levels.

You collected 287 gold pieces.

Inventory:

Hand Weapons
 a - the +4 trident of the Vine (weapon) {speed, rElec Dex+3}
   (You found it on level 7 of the Dungeon)

   Attacks with this weapon are significantly faster.
   It affects your dexterity (+3).
   It insulates you from electricity.
 b - a +3 broad axe
 u - a +2 whip of electrocution
Missiles
 n - 9 poisoned darts (quivered)
Armour
 c - a +1 shield (worn)
 g - a +0 pair of gloves (worn)
 k - a +0 plate armour (worn)
 r - a +0 scale mail
 x - a scarf of repulsion
 z - a +0 cloak (worn)
Jewellery
 p - a +3 amulet of reflection (around neck)
Wands
 h - a wand of acid (18)
 i - a wand of scattershot (3)
 s - a wand of digging (6)
Scrolls
 j - 3 scrolls of remove curse
 m - 3 scrolls of magic mapping
 o - a scroll of identify
 y - a scroll of blinking
 B - a scroll of enchant weapon
Potions
 d - 2 potions of might
 e - a potion of brilliance {unknown}
 l - 3 potions of curing
 q - 3 potions of heal wounds
 t - a potion of flight {unknown}
 v - 2 potions of mutation {unknown}
 w - 2 potions of lignification {unknown}
Comestibles
 f - 7 rations


   Skills:
 + Level 6.5 Fighting
 - Level 8.6 Axes
 + Level 1.0(4.5) Polearms
 + Level 4.9 Armour
 * Level 9.5 Shields
 - Level 3.0 Invocations


You had 8 spell levels left.
You didn't know any spells.
Your spell library contained the following spells:

 Spells                   Type           Power        Failure   Level  Hunger
 Magic Dart               Conj           #...         100%        1    ##.....
 Blink                    Tloc           N/A          100%        2    ###....
 Call Imp                 Summ           #.......     100%        2    ###....
 Slow                     Hex            #.......     100%        2    ###....
 Conjure Flame            Conj/Fire      #.......     100%        3    ####...
 Mephitic Cloud           Conj/Pois/Air  #.......     100%        3    ####...


Dungeon Overview and Level Annotations

Branches:
Dungeon (7/15)             Temple (0/1) D:4

Altars:
Gozag
Hepliaklqana
Okawaru
Qazlal
Uskayaw
Vehumet
Yredelemnul

Shops:
D:7 *

Annotations:
D:4 2 transporters
D:7 2 transporters, Zaque's ghost, novice DDAr


Message History

The acid corrodes you!
You are splashed with acid!
You are too injured to fight recklessly!
You are too injured to fight recklessly!
You hit the brown ugly thing but do no damage.
The brown ugly thing is almost dead.
You block the brown ugly thing's attack.
You hit the brown ugly thing.
The brown ugly thing is almost dead.
You hit the brown ugly thing but do no damage.
The brown ugly thing is almost dead.
The brown ugly thing tentacle-slaps you!
* * * LOW HITPOINT WARNING * * *
The acid corrodes you!
You are splashed with acid.
* * * LOW HITPOINT WARNING * * *
You hit the brown ugly thing but do no damage.
The brown ugly thing is almost dead.
The brown ugly thing tentacle-slaps you.
* * * LOW HITPOINT WARNING * * *
You are splashed with acid!
You die...

.......©.......####...........#.#
##.###...###...# #......####.##.
.........####''####....### #.##.
.#.####.##........##...# #.##.
.#.# #..........##..# #.##. .#.#
#............##.# #.##. .#.#
..............### #.##. .#.#
...............## #.##. .#.#
.........@......# #.##. .#.##
..........u.....# #.##. ....#
...............# #.#.. .#..#
...§§§........# #.#.# .##.#
...§≈§........# #.#.. .##.#
...§§§.§......# #.### .##.#
.....§§.......# #.# .##.#
..............# #.# ....#
#######.###


You could see a brown ugly thing.

Vanquished Creatures
  Grinder (D:3)
  A hungry ghost (D:7)
  A water moccasin (D:5)
  An orc warrior (D:6)
  An ice beast (D:7)
  A sky beast (D:5)
  A necrophage (D:6)
  An ogre (D:4)
  A bullfrog (D:7)
  2 scorpions
  A water moccasin skeleton (D:5)
  4 wights (D:7)
  3 crimson imps (D:6)
  2 orc priests
  3 bullfrog skeletons
  A centaur skeleton (D:7)
  Ijyb (D:3)
  2 iguanas (D:4)
  2 orc wizards
  4 worker ants
  A hound zombie (D:6)
  A hound skeleton (D:4)
  2 worker ant zombies (D:7)
  5 gnolls (D:6)
  8 adders
  A shadow imp (D:5)
  3 oozes (D:1)
  A worm (D:4)
  A dart slug (D:1)
  A leopard gecko (D:3)
  25 orcs
  2 ball pythons (D:2)
  4 bats
  6 giant cockroaches
  2 gnoll zombies (D:7)
  7 goblins
  11 hobgoblins
  6 jackals
  15 kobolds
  5 quokkas
  3 frilled lizards
  A quokka zombie (D:7)
  11 rats
156 creatures vanquished.

Vanquished Creatures (others)
  A centaur (D:6)
1 creature vanquished.

Grand Total: 157 creatures vanquished

Notes
Turn   | Place    | Note
-------+----------+-------------------------------------------
     0 | D:1      | Roikka the Hill Orc Fighter began the quest for the Orb.
     0 | D:1      | Reached XP level 1. HP: 19/19 MP: 1/1
     1 | D:1      | Found a runed translucent door.
   123 | D:2      | Reached XP level 2. HP: 27/27 MP: 2/2
   362 | D:2      | Reached XP level 3. HP: 33/33 MP: 3/3
  1261 | D:1      | Reached XP level 4. HP: 35/40 MP: 4/4
  1284 | D:1      | Reached skill level 4 in Shields
  1423 | D:3      | Noticed Ijyb
  1437 | D:3      | Killed Ijyb
  1437 | D:3      | Reached skill level 5 in Axes
  1558 | D:3      | Reached XP level 5. HP: 42/47 MP: 5/5
  1831 | D:3      | Noticed Grinder
  1852 | D:3      | Killed Grinder
  1852 | D:3      | Reached skill level 5 in Fighting
  1852 | D:3      | Reached skill level 5 in Shields
  1852 | D:3      | Reached XP level 6. HP: 31/56 MP: 6/6
  2445 | D:4      | Found a transporter.
  2599 | D:4      | Reached skill level 6 in Shields
  2599 | D:4      | Reached XP level 7. HP: 56/61 MP: 7/7
  2715 | D:4      | Found a transporter.
  2854 | D:4      | Became a worshipper of Beogh the Brigand
  2941 | D:4      | Found a faded altar of an unknown god.
  2941 | D:4      | Found an iron altar of Okawaru.
  2951 | D:4      | Found a stormy altar of Qazlal.
  3030 | D:4      | Found a hide-covered altar of Uskayaw.
  3031 | D:4      | Found a radiant altar of Vehumet.
  3172 | D:4      | Found a staircase to the Ecumenical Temple.
  3331 | D:5      | Entered Level 5 of the Dungeon
  3436 | D:5      | Found a hazy altar of Hepliaklqana.
  3624 | D:5      | Reached skill level 7 in Shields
  3858 | D:5      | Reached XP level 8. HP: 51/68 MP: 8/8
  4293 | D:5      | Reached skill level 8 in Shields
  4646 | D:6      | Reached skill level 1 in Invocations
  5247 | D:6      | Reached * piety under Beogh
  6609 | D:7      | Reached skill level 9 in Shields
  6609 | D:7      | Reached XP level 9. HP: 68/74 MP: 11/11
  6625 | D:7      | Reached ** piety under Beogh
  6786 | D:7      | Got a shimmering trident
  6787 | D:7      | Identified the +4 trident of the Vine {speed, rElec Dex+3}
                  | (You found it on level 7 of the Dungeon)
  6877 | D:7      | Found a transporter.
  6877 | D:7      | Noticed Zaque's ghost (novice DDAr)
  6881 | D:7      | Found a transporter.
  6971 | D:7      | Found Gozag's Platinum Reserve.
  6972 | D:7      | Found an opulent altar of Gozag.
  7237 | D:7      | Found a basalt altar of Yredelemnul.
  7338 | D:7      | Noticed a brown ugly thing
  7344 | D:7      | Reached skill level 1 in Polearms
  7369 | D:7      | Splashed by a brown ugly thing's acid

Levels and vault maps discovered:
D:1:      dpeg_arrival_caged_fury, layout_loops_ring
D:2:      layout_rooms, serial_glass, glass_columns_c, glass_columns_a,
          first_ration
D:3:      layout_loops_corners, uniq_grinder, uniq_ijyb
D:4:      gammafunk_wand_slinger, layout_rooms,
          chequers_temple_overflow_minitemple, minmay_temple_entry_poolview,
          serial_co_window_serial, co_window_of_opportunity_a,
          co_window_paths_a, co_window_paths_a, co_window_paths_a,
          co_window_paths_a, co_window_of_opportunity_a, co_window_paths_b,
          co_window_broadway_b, co_window_broadway_c, co_window_unsneaky_path_e,
          co_window_2corner, glass_columns_a, glass_columns_b, glass_columns_c
D:5:      layout_basic, marbit_many_paths
D:6:      corexii_shantytown, layout_layer_cave, serial_rivers,
          chequers_serial_rivers_room_b, chequers_serial_rivers_small_b,
          chequers_serial_rivers_large_a, chequers_serial_rivers_small_3
D:7:      kennysheep_big_flooded_room, layout_loops_ring,
          lemuel_zombie_altar_yredelemnul, nicolae_gozag_zags_fifth_avenue,
          gammafunk_ghost_hive

Skill      XL: |  1  2  3  4  5  6  7  8  9 |
---------------+----------------------------+-----
Axes           | 3 4 5 6 7 8 |  8.6
Fighting       | 4 5 6 |  6.5
Shields        | 4 5 6 7 9 |  9.5
Invocations    | 3 |  3.0
Armour         | 4 |  4.9
Polearms       | 1 |  1.0

Action                   |  1- 3 |  4- 6 |  7- 9 || total
-------------------------+-------+-------+-------++-------
Melee: War axe           |   107 |   103 |   314 ||   524
       Broad axe         |       |       |    28 ||    28
       Trident           |       |       |    69 ||    69
Invok: Convert to Beogh  |       |       |     1 ||     1
Evoke: Wand              |       |     1 |       ||     1
  Use: Scroll            |       |       |    14 ||    14
  Eat: Chunk             |     1 |     2 |     8 ||    11
       Ration            |       |     1 |     2 ||     3
Armor: Scale mail        |    45 |    43 |    66 ||   154
       Plate armour      |       |       |    51 ||    51
Dodge: Dodged            |    34 |    32 |    55 ||   121
       Deflected         |       |       |     1 ||     1
Block: Shield            |    46 |    41 |   224 ||   311
       Reflection        |       |       |     9 ||     9

Table legend:
 A = Non-vault XP
 B = Vault XP
 C = Vault XP percentage of total XP
 D = Non-vault monster count
 E = Vault monster count
 F = Vault count percentage of total count
                 A         B        C        D         E       F
            +---------+---------+-------+---------+---------+-------
      Total |    2532 |     545 |  17.7 |     109 |      48 |  30.6
            +---------+---------+-------+---------+---------+-------
        D:1 |      20 |      39 |  66.1 |      11 |      15 |  57.7
        D:2 |      57 |       0 |   0.0 |      19 |       0 |   0.0
        D:3 |      25 |     300 |  92.3 |       7 |       2 |  22.2
        D:4 |     414 |       0 |   0.0 |      21 |       0 |   0.0
        D:5 |     621 |       0 |   0.0 |      16 |       0 |   0.0
        D:6 |     762 |      71 |   8.5 |      19 |      28 |  59.6
        D:7 |     633 |     135 |  17.6 |      16 |       3 |  15.8
            +---------+---------+-------+---------+---------+-------
